 Dungeon Crawl Stone Soup version 0.30.1-11-g7821555f0a (webtiles) character file.

Game seed: 3753067451295061668

140 SacredBeard the Vexing (level 5, -2/29 HPs)
             Began as a Deep Elf Hexslinger on Nov 2, 2023.
             Slain by an ufetubus (4 damage)
             ... on level 5 of the Dungeon.
             The game lasted 00:07:51 (1678 turns).

SacredBeard the Vexing (Deep Elf Hexslinger)        Turns: 1678, Time: 00:07:51

Health: -2/29      AC:  3    Str:  7    XL:     5   Next: 2%
Magic:  6/11       EV: 12    Int: 18    God:
Gold:   64         SH:  0    Dex: 17    Spells: 8/9 levels left

rFire   . . .        q - +1 hand axe (elec)
rCold   . . .        (no shield)
rNeg    . . .        i - +0 leather armour
rPois   .            (no helmet)
rElec   .            (no cloak)
rCorr   .            (no gloves)
SInv    .            (no boots)
Will    .....        m - amulet of magic regeneration
Stlth   +            (no ring)
HPRegen 0.24/turn    (no ring)
MPRegen 0.12/turn

%: no passive effects
@: no status effects
A: no striking features
a: no special abilities


You were on level 5 of the Dungeon.
You visited 1 branch of the dungeon, and saw 4 of its levels.

You collected 64 gold pieces.

Inventory:

Hand Weapons
 a - a +1 sling
 q - a +1 hand axe of electrocution (weapon)
Armour
 i - a +0 leather armour (worn)
Jewellery
 l - the amulet of Jysiut {Spirit *Slow +Inv rF- rCorr}
   (You found it on level 2 of the Dungeon)

   [amulet of guardian spirit]

   It causes incoming damage to be divided between your reserves of health and
   magic.
   rF:        It makes you vulnerable to fire.
   +Inv:      It lets you turn invisible.
   rCorr:     It protects you from acid and corrosion.
   *Slow:     It may slow you when you take damage.
 m - an amulet of magic regeneration (around neck)
Scrolls
 c - 3 scrolls of enchant armour {unknown}
 f - a scroll of magic mapping {unknown}
 g - a scroll of enchant weapon {unknown}
 h - 2 scrolls of teleportation {unknown}
 k - 3 scrolls of identify {unknown}
Potions
 d - a potion of heal wounds
 e - a potion of flight {unknown}
 j - a potion of mutation {unknown}
 p - a potion of degeneration {unknown}


   Skills:
 - Level 1.0 Fighting
 * Level 4.7 Ranged Weapons
 - Level 1.0 Armour
 + Level 3.3 Dodging
 + Level 2.9 Spellcasting
 + Level 4.7 Hexes


You had 8 spell levels left.
You knew the following spells:

 Your Spells              Type           Power      Damage    Failure   Level
a - Slow                  Hex            76%        N/A       3%          1

Your spell library contained the following spells:

 Spells                   Type           Power      Damage    Failure   Level
 Beastly Appendage        Tmut           4%         N/A       24%         1
 Shock                    Conj/Air       8%         1d3       24%         1
 Inner Flame              Hex/Fire       11%        N/A       26%         3
 Portal Projectile        Hex/Tloc       22%        N/A       26%         3
 Cause Fear               Hex            9%         N/A       32%         4
 Wereblood                Tmut           2%         N/A       36%         2
 Spider Form              Tmut/Pois      2%         N/A       58%         3
 Swiftness                Air            2%         N/A       58%         3
 Airstrike                Air            1%         2d(1-17)  94%         4


Dungeon Overview and Level Annotations

Branches:
Dungeon (3/15) Zot: 22276

Altars:

Annotations:
D:3 Grinder


Message History

You closely miss the ufetubus. The ufetubus misses you.
The ufetubus completely misses you.
Okay, then.
Really read the scroll of poison?
The air fills with toxic fumes!
As you read the scroll of poison, it crumbles to dust.
The ufetubus barely misses you. x2
The ufetubus hits you but does no damage.
The ufetubus closely misses you.
Unknown command.
The ufetubus barely misses you. The ufetubus hits you.
* * * LOW HITPOINT WARNING * * *
The iguana hisses menacingly.
Casting: Slow (safe; 3% risk of failure)
Confirm with . or Enter, or press ? or * to list all spells.
Aiming: Slow (safe; 3% risk of failure)
Press: ? - help, Shift-Dir - straight line, f - ufetubus
Aim: an ufetubus (chance to affect: 61%)
The ufetubus resists with significant effort.
The ufetubus barely misses you.
The ufetubus hits you but does no damage.
The ufetubus closely misses you. x2
Casting: Slow (safe; 3% risk of failure)
Confirm with . or Enter, or press ? or * to list all spells.
Aiming: Slow (safe; 3% risk of failure)
Press: ? - help, Shift-Dir - straight line, f/p - ufetubus
Aim: an ufetubus (chance to affect: 61%)
The ufetubus resists with significant effort.
The ufetubus barely misses you. The ufetubus hits you.
* * * LOW HITPOINT WARNING * * *
Unknown command.
Casting: Slow (safe; 3% risk of failure)
Confirm with . or Enter, or press ? or * to list all spells.
Aiming: Slow (safe; 3% risk of failure)
Press: ? - help, Shift-Dir - straight line, f/p - ufetubus
Aim: an ufetubus (chance to affect: 61%)
The ufetubus seems to slow down.
The ufetubus hits you but does no damage. x2
The ufetubus hits you.
You die...

### #@#
##5l§§§§§
w##☼##§
§# §# §#
§# +☼


You could see an iguana, a dart slug and an ufetubus (slow).

Vanquished Creatures
  A howler monkey (D:5)
  5 adders (D:2)
  A worm (D:2)
  2 dart slugs (D:1)
  An orc (D:5)
  5 ball pythons
  3 endoplasms
  2 giant cockroaches
  6 goblins
  A hobgoblin (D:1)
  A jackal (D:5)
  8 kobolds
  2 quokkas (D:2)
  4 bats
  3 frilled lizards (D:2)
  7 rats
52 creatures vanquished.

Notes
Turn   | Place    | Note
-------+----------+-------------------------------------------
     0 | D:1      | SacredBeard the Deep Elf Hexslinger began the quest for the
                  | Orb.
     0 | D:1      | Reached XP level 1. HP: 11/11 MP: 5/5
   142 | D:1      | Found a faded altar of an unknown god.
   147 | D:1      | Reached XP level 2. HP: 16/16 MP: 6/6
   207 | D:1      | Reached skill level 1 in Fighting
   731 | D:2      | Reached XP level 3. HP: 19/20 MP: 8/8
  1118 | D:2      | Reached skill level 1 in Armour
  1290 | D:2      | Identified the amulet of Jysiut {Spirit *Slow +Inv rF-
                  | rCorr}
  1300 | D:2      | Reached XP level 4. HP: 23/25 MP: 9/9
  1563 | D:3      | Noticed Grinder
  1569 | D:3      | Paralysed by Grinder for 5 turns
  1650 | D:3      | You fall into a shaft and drop 2 floors!
  1650 | D:5      | Entered Level 5 of the Dungeon
  1665 | D:5      | Noticed a centaur
  1671 | D:5      | Reached XP level 5. HP: 4/29 MP: 8/11
  1678 | D:5      | Slain by an ufetubus

Illustrated notes

Levels and vault maps discovered:
D:1:      amcnicky_arrival_wind_blow, layout_loops_ring,
          ebering_ecumenical_altar_hall
D:2:      layout_basic, minmay_small_reverse_x
D:3:      layout_loops_cross, elyvilon_altar_1, okawaru_gym_becter,
          nicolae_ru_the_path_less_chosen, uniq_crazy_yiuf_cottage,
          uniq_grinder, uniq_ijyb
D:5:      layout_rooms, mainiacjoe_overflow_six_doors_small,
          gammafunk_ghost_arena, minmay_misc_feat_rugged,
          minmay_fractal_squares_diagonal_5

Skill      XL: |  1  2  3 |
---------------+----------+-----
Ranged Weapons | 3 4 |  4.7
Fighting       | 1 |  1.0
Spellcasting   | 2 |  2.9
Armour         | 1 |  1.0
Dodging        | 3 |  3.3
Hexes          | |  4.7

Action                     |  1- 3 |  4- 6 || total
---------------------------+-------+-------++-------
  Melee: Hand axe          |    14 |    28 ||    42
   Fire: Sling             |   105 |    18 ||   123
   Cast: Slow              |       |    12 ||    12
    Use: Potion            |     1 |       ||     1
         Scroll            |       |     1 ||     1
 Armour: Robe              |     1 |       ||     1
         Leather armour    |    17 |    12 ||    29
  Dodge: Dodged            |    51 |    29 ||    80
